 Dungeon Crawl Stone Soup version 0.31-a0-1008-g5b978dac0e (webtiles) character file.

Game seed: 8424262947391255820

5333 night the Summoner (level 10, 0/96 HPs)
             Began as a Tengu Summoner on Nov 12, 2023.
             Was a Priest of Fedhas.
             Slain by a centaur warrior (9 damage)
             ... on level 9 of the Dungeon.
             The game lasted 00:35:22 (9584 turns).

night the Summoner (Tengu Summoner)                 Turns: 9584, Time: 00:35:23

Health: 0/96       AC: 25    Str: 15    XL:     10   Next: 64%
Magic:  17/22      EV:  2    Int: 16    God:    Fedhas [***...]
Gold:   1343       SH:  0    Dex: 14    Spells: 11/24 levels left

rFire   . . .        u - +0 trident
rCold   . . .        (no shield)
rNeg    . . .        z - melded +3 leather armour
rPois   +            (helmet currently unavailable)
rElec   .            (cloak currently unavailable)
rCorr   .            B - melded +0 pair of gloves
SInv    +            (boots unavailable)
Will    .....        (no amulet)
Stlth   ++           n - ring of see invisible
HPRegen 0.36/turn    (no ring)
MPRegen 0.18/turn

%: acrobat
@: mighty, tree-form (expiring)
A: stationary, stasis, torment immunity, boosted hp, (beak), (talons 3), evasive
flight, acrobatic, (fire resistance 1), strong 1, inability to drink after
injury 1, noise suppression
a: Renounce Religion, Wall of Briars, Grow Ballistomycete


You were on level 9 of the Dungeon.
You worshipped Fedhas.
Fedhas was most pleased with you.
You were a tree.
You visited 1 branch of the dungeon, and saw 9 of its levels.

You collected 1343 gold pieces.

Inventory:

Hand Weapons
 c - a +0 spear of protection
 u - a +0 trident (weapon)
Missiles
 e - 85 stones
 k - 4 datura-tipped darts
 m - 9 poisoned darts
 r - 6 javelins
 A - a curare-tipped dart
Armour
 a - a +0 robe
 i - a +1 robe of fire resistance
 z - a +3 leather armour (melded)
 B - a +0 pair of gloves (melded)
Jewellery
 n - a ring of see invisible (left branch)
 x - a ring of resist corrosion
Wands
 g - a wand of polymorph (13)
 p - a wand of digging (6)
 t - a wand of light (2)
Scrolls
 f - 2 scrolls of immolation
 o - a scroll of poison
 q - a scroll of teleportation
 y - 2 scrolls of enchant weapon
 C - 2 scrolls of revelation
Potions
 b - a potion of magic
 d - a potion of curing
 j - 2 potions of lignification
 w - 2 potions of enlightenment


   Skills:
 + Level 8.3 Fighting
 - Level 4.0 Polearms
 - Level 2.1 Dodging
 - Level 2.0 Stealth
 + Level 7.9 Spellcasting
 - Level 1.0 Hexes
 + Level 11.0 Summonings
 - Level 2.0 Air Magic
 + Level 3.0 Invocations


You had 11 spell levels left.
You knew the following spells:

 Your Spells              Type           Power      Damage    Failure   Level
a - Summon Small Mammal   Summ           100%       N/A       1%          1
b - Call Imp              Summ           82%        N/A       1%          2
c - Call Canine Familiar  Summ           41%        N/A       1%          3
d - Summon Guardian Gole  Hex/Summ       25%        N/A       3%          3
e - Summon Lightning Spi  Summ/Air       27%        N/A       8%          4

Your spell library contained the following spells:

 Spells                   Type           Power      Damage    Failure   Level
 Shock                    Conj/Air       36%        1d5       8%          1
 Swiftness                Air            12%        N/A       16%         3
 Airstrike                Air            6%         2d(1-17)  45%         4


Dungeon Overview and Level Annotations

Branches:
Dungeon (9/15)             Temple (0/1) D:6
   Lair: D:8-11         Orc: D:9-12

Altars:
Cheibriados
Elyvilon
Fedhas
Makhleb
Nemelex Xobeh
Qazlal
Sif Muna
Uskayaw
Wu Jian
Zin

Shops:
D:3 (

Portals:
Abyss: D:9

Annotations:
D:7 3 runed translucent doors, Cris's ghost, novice DsCj
D:9 2 transporters, zurenarrh's ghost, novice FoEE


Innate Abilities, Weirdness & Mutations

You are a tree.
Your roots penetrate the ground, keeping you stationary.
You cannot be teleported.
You are immune to unholy pain and torment.
Your maximum health is greatly increased.
Your equipment is partially melded.
((You have a beak for a mouth.))
((You have claws for feet.))
Your magical flight helps you evade attacks. (EV +4)
You can magically evade attacks while moving or waiting.
((Your flesh is heat resistant. (rF+)))
Your muscles are strong. (Str +4, Int/Dex -1)
You occasionally lose the ability to drink potions when taking damage.
You passively dampen the noise of your surroundings.


Message History

* * * LOW HITPOINT WARNING * * *
The centaur warrior kicks you but does no damage.
Casting: Summon Lightning Spire (dangerous; 8% risk of failure)
Confirm with . or Enter, or press ? or * to list all spells.
The centaur warrior hits you but does no damage.
The centaur warrior kicks you.
* * * LOW HITPOINT WARNING * * *
The centaur warrior hits you but does no damage.
The centaur warrior kicks you.
* * * LOW HITPOINT WARNING * * *
You feel better.
The centaur warrior hits you but does no damage.
The centaur warrior kicks you but does no damage.
Your wolf barely misses the centaur warrior.
You hit the centaur warrior.
The centaur warrior is heavily wounded.
Your wolf bites the centaur warrior.
The centaur warrior hits you but does no damage.
The centaur warrior kicks you but does no damage.
Your wolf completely misses the centaur warrior.
The centaur warrior hits you but does no damage.
The centaur warrior kicks you.
* * * LOW HITPOINT WARNING * * *
You barely miss the centaur warrior.
The centaur warrior is heavily wounded.
Your wolf bites the centaur warrior but does no damage.
The centaur warrior hits you!
* * * LOW HITPOINT WARNING * * *
The centaur warrior kicks you.
* * * LOW HITPOINT WARNING * * *
Your wolf closely misses the centaur warrior.
The centaur warrior hits you but does no damage.
The centaur warrior kicks you but does no damage.
You hit the centaur warrior but do no damage.
The centaur warrior is heavily wounded.
Your enlightenment fades.
Your wolf closely misses the centaur warrior.
The centaur warrior hits you!
You die...
Fedhas appreciates your contribution to the ecosystem.

###)))#####..###,^###...#
#.###.#
###...#...:#.#.##,#)#...#
#.....#
###...####..##..##.##...#
###.###
###......####....###....#
#.#
###.....................#
#.#
#......................#
#.#
#.###.)......^....####.#
#.# ##.###.###########÷#
#.# #.#
.....#........8♣c..# #.#
#.#
####.#..#########h.####.#
#.# ........# #.......#
#.# ####.#.##
#.###########.# #.#.#
#.............# #.#.#
############### #.#.#
#...# #####


You could see a centaur warrior (ally target), a friendly wolf (summoned) and a
friendly lightning spire (summoned).

Vanquished Creatures
  A queen bee (D:8)
  A wyvern (D:8)
  An orc warrior (D:8)
  A sky beast (D:7)
  A phantom (D:5)
  2 scorpions
  A killer bee (D:8)
  A howler monkey (D:9)
  2 orc priests
  A hound (D:5)
  4 orc wizards (D:8)
  4 adders
  A white imp (D:7)
  2 dart slugs
  3 orcs
  3 bats
  An endoplasm (D:1)
  A giant cockroach (D:2)
  A hobgoblin (D:3)
  4 ball pythons
  4 kobolds
  3 rats
43 creatures vanquished.

Vanquished Creatures (collateral kills)
  2 yaks (D:8)
  A vampire (D:9)
  3 ice beasts
  A black bear (D:6)
  An ogre (D:5)
  A centaur (D:7)
  A phantom (D:4)
  3 bullfrogs
  2 kobold brigands (D:8)
  2 scorpions
  2 killer bees (D:8)
  2 howler monkeys
  A hound (D:5)
  An iron imp (D:8)
  A jelly (D:6)
  2 iguanas
  4 orc wizards (D:8)
  10 adders
  3 gnolls
  A white imp (D:8)
  A dart slug (D:2)
  15 orcs
  2 ball pythons (D:2)
  2 endoplasms
  4 giant cockroaches
  6 goblins
  4 hobgoblins
  12 kobolds
  2 quokkas
  2 frilled lizards
  A rat (D:3)
95 creatures vanquished.

Vanquished Creatures (others)
  Joseph (D:8)
  9 yaks (D:8)
  A steam dragon (D:9)
  2 orc warriors
  A black bear (D:6)
  A gnoll sergeant (D:9)
  2 killer bees (D:8)
  3 gnolls (D:9)
  2 kobolds (D:8)
22 creatures vanquished.

Grand Total: 160 creatures vanquished

Notes
Turn   | Place    | Note
-------+----------+-------------------------------------------
     0 | D:1      | night the Tengu Summoner began the quest for the Orb.
     0 | D:1      | Reached XP level 1. HP: 10/10 MP: 4/4
   364 | D:1      | Reached XP level 2. HP: 16/16 MP: 0/6
   465 | D:1      | Reached skill level 5 in Summonings
   469 | D:1      | Learned a level 2 spell: Call Imp
   885 | D:2      | Reached skill level 1 in Polearms
   893 | D:2      | Reached skill level 1 in Fighting
   893 | D:2      | Reached XP level 3. HP: 8/20 MP: 3/7
   980 | D:2      | HP: 2/20 [kobold/+0 dagger (2)]
  1097 | D:2      | Learned a level 3 spell: Call Canine Familiar
  1596 | D:2      | Reached XP level 4. HP: 25/25 MP: 3/8
  1982 | D:3      | Reached skill level 2 in Polearms
  2056 | D:3      | Found a burning altar of Makhleb.
  2066 | D:3      | Found Uwamemoa's Antique Weapon Shoppe.
  2183 | D:3      | Reached skill level 2 in Fighting
  2183 | D:3      | Reached XP level 5. HP: 11/30 MP: 2/10
  2188 | D:3      | HP: 4/30 [poisoned by an adder]
  2456 | D:3      | Learned a level 3 spell: Summon Guardian Golem
  2492 | D:3      | Found a blossoming altar of Fedhas.
  2545 | D:3      | Became a worshipper of Fedhas Madash
  3029 | D:4      | Noticed a phantom
  3064 | D:4      | Killed a phantom
  3065 | D:4      | Reached skill level 1 in Air Magic
  3065 | D:4      | Reached XP level 6. HP: 36/36 MP: 0/11
  3186 | D:4      | Reached skill level 6 in Summonings
  3590 | D:4      | Found a sparkling altar of Nemelex Xobeh.
  3616 | D:5      | Entered Level 5 of the Dungeon
  3629 | D:5      | Reached skill level 1 in Hexes
  3749 | D:5      | Found a stormy altar of Qazlal.
  3751 | D:5      | Noticed an air elemental
  3751 | D:5      | Noticed a fire elemental
  3751 | D:5      | Noticed a water elemental
  3829 | D:5      | Reached skill level 2 in Air Magic
  3885 | D:5      | Gained mutation: Your magical flight helps you evade
                  | attacks. (EV +4) [Tengu growth]
  3885 | D:5      | Reached XP level 7. HP: 41/41 MP: 5/13
  4084 | D:5      | Reached * piety under Fedhas
  4168 | D:5      | Found a glowing silver altar of Zin.
  4882 | D:6      | Reached skill level 7 in Summonings
  5009 | D:6      | Identified the +3 hand axe of the Conjuring Badger {spect,
                  | Fragile rPois Will+}
  5077 | D:6      | Reached XP level 8. HP: 37/48 MP: 5/15
  5181 | D:6      | Found a staircase to the Ecumenical Temple.
  5375 | D:6      | Identified a scroll of acquirement
  5375 | D:6      | Acquired 837 gold pieces
  5927 | D:7      | Noticed Cris's ghost (novice DsCj)
  5954 | D:7      | Found a runed translucent gate.
  5954 | D:7      | Found a runed translucent gate.
  5954 | D:7      | Found a runed translucent gate.
  6039 | D:7      | Found a hide-covered altar of Uskayaw.
  6057 | D:7      | Reached skill level 5 in Spellcasting
  6372 | D:7      | Reached skill level 5 in Fighting
  6386 | D:7      | Reached skill level 8 in Summonings
  6741 | D:8      | Found a snail-covered altar of Cheibriados.
  6913 | D:8      | Learned a level 4 spell: Summon Lightning Spire
  6983 | D:8      | Noticed Joseph
  7013 | D:8      | Killed Joseph
  7014 | D:8      | Reached XP level 9. HP: 44/55 MP: 9/19
  7136 | D:8      | Reached skill level 9 in Summonings
  7390 | D:8      | Reached ** piety under Fedhas
  7427 | D:8      | Reached skill level 10 in Summonings
  7704 | D:8      | Reached XP level 10. HP: 29/63 MP: 12/21
  7860 | D:8      | Noticed a centaur warrior
  7894 | D:8      | Reached skill level 1 in Invocations
  7951 | D:8      | Found an ornate altar of the Wu Jian Council.
  8007 | D:8      | Reached skill level 2 in Invocations
  8165 | D:8      | Noticed a deep elf pyromancer
  8179 | D:8      | HP: 8/64 [fire elemental[a deep elf pyromancer] (11)]
  8420 | D:9      | Found a transporter.
  8426 | D:9      | Found a one-way gate to the infinite horrors of the Abyss.
  8426 | D:9      | Noticed zurenarrh's ghost (novice FoEE)
  8428 | D:9      | Noticed a brown ugly thing
  8527 | D:9      | Reached *** piety under Fedhas
  8726 | D:9      | Found a white marble altar of Elyvilon.
  8825 | D:9      | Found a shimmering blue altar of Sif Muna.
  8835 | D:9      | Noticed a rakshasa
  8840 | D:9      | Noticed a toenail golem
  8840 | D:9      | Found a transporter.
  9205 | D:9      | Reached skill level 11 in Summonings
  9319 | D:8      | HP: 1/64 [centaur warrior/arrow (14)]
  9540 | D:9      | HP: 5/64 [centaur warrior (8)]
  9550 | D:9      | HP: 13/96 [centaur warrior (10)]
  9552 | D:9      | Gained mutation: Your muscles are strong. (Str +4, Int/Dex
                  | -1) [potion of mutation]
  9552 | D:9      | Gained mutation: You passively dampen the noise of your
                  | surroundings. [potion of mutation]
  9552 | D:9      | Gained mutation: You occasionally lose the ability to drink
                  | potions when taking damage. [potion of mutation]
  9552 | D:9      | Gained mutation: Your flesh is heat resistant. (rF+)
                  | [potion of mutation]
  9556 | D:9      | HP: 5/96 [centaur warrior/arrow (16)]
  9556 | D:9      | HP: 2/96 [centaur warrior/arrow (3)]
  9579 | D:9      | HP: 11/96 [centaur warrior (5)]
  9584 | D:9      | Slain by a centaur warrior

Illustrated notes

Levels and vault maps discovered:
D:1:      lemuel_arrival_behind_the_door_small, layout_rooms, st_stairs_12
D:2:      minmay_diamond_boxcup, layout_basic, minmay_misc_feat_plants,
          minmay_misc_feat_chi
D:3:      layout_rooms, bloody_makhleb, mainiacjoe_overflow_boulevard,
          serial_shops, nicolae_shop_tiny_waterfront,
          minmay_misc_feat_more_columns, small_statue_intersection,
          grunt_ministairs_9
D:4:      layout_basic, general_overflow_altar
D:5:      layout_loops_ring, lemuel_tele_altar,
          nicolae_qazlal_style_of_elements, chequers_serial_rivers_small_b,
          corner_web_ring
D:6:      layout_basic, minmay_temple_entry_mist
D:7:      layout_basic, mainiacjoe_overflow_concentric_impassable,
          gammafunk_ghost_icy, hex_large
D:8:      layout_loops_ring, nicolae_overflow_hidden_temple, slow_altar_1,
          kennysheep_little_box, minmay_pinched_square, uniq_joseph
D:9:      layout_loops_ring, mainiacjoe_overflow_brackets,
          nicolae_elyvilon_peaceful_grove, gammafunk_ghost_abyssal_escape

Skill      XL: |  1  2  3  4  5  6  7  8  9 10 |
---------------+-------------------------------+-----
Summonings     | 5 6 7 8 10 11 | 11.0
Polearms       | 1 2 3 4 |  4.0
Fighting       | 1 2 3 4 6 7 8 |  8.3
Spellcasting   | 3 4 6 7 |  7.9
Air Magic      | 1 2 |  2.0
Hexes          | 1 |  1.0
Invocations    | 3 |  3.0
Dodging        | |  2.1
Stealth        | |  2.0

Action                     |  1- 3 |  4- 6 |  7- 9 | 10-12 || total
---------------------------+-------+-------+-------+-------++-------
  Melee: Spear             |    35 |    41 |       |       ||    76
         Kick              |     4 |     9 |    18 |     8 ||    39
         Peck              |     6 |     2 |    15 |     6 ||    29
         Trident           |       |       |    79 |    81 ||   160
         Hand axe          |       |       |     6 |       ||     6
         Punch             |       |       |       |     2 ||     2
   Cast: Summon Small Mamm |    18 |    16 |    16 |    10 ||    60
         Call Imp          |    12 |    18 |    33 |    13 ||    76
         Call Canine Famil |     5 |    14 |    37 |    20 ||    76
         Summon Guardian G |       |     1 |    22 |    12 ||    35
         Summon Lightning  |       |       |     1 |     2 ||     3
 Invoke: Wall of Briars    |       |       |       |     1 ||     1
  Evoke: Wand              |       |       |     1 |     4 ||     5
    Use: Scroll            |       |     5 |     7 |     4 ||    16
         Potion            |       |       |     1 |    11 ||    12
   Stab: Sleeping          |     3 |     3 |     2 |       ||     8
         Distracted        |       |       |     1 |       ||     1
         Invisible         |       |       |       |     2 ||     2
 Armour: Robe              |    22 |    16 |    46 |       ||    84
         Leather armour    |       |       |     3 |    53 ||    56
         Skin              |       |       |       |   112 ||   112
  Dodge: Dodged            |    25 |    39 |    72 |    64 ||   200

Table legend: (Time is in decaauts)
 A = Elapsed time spent in this place.
 B = Non-inter-level travel time spent in this place.
 C = Inter-level travel time spent in this place.
 D = Time resting spent in this place.
 E = Time spent auto-exploring this place.
 F = Levels seen in this place.
 G = Mean time per level.
                   A        B        C        D        E       F      G
               +--------+--------+--------+--------+--------+-----+--------+
         Total |   9624 |   9377 |    247 |   1313 |   6014 |   9 | 1069.3 |
       Dungeon |   9624 |   9377 |    247 |   1313 |   6014 |   9 | 1069.3 |
               +--------+--------+--------+--------+--------+-----+--------+

Top non-repeatable levels by time:
     D:8: 1784 daAuts
     D:5: 1188 daAuts
     D:9: 1164 daAuts
     D:2: 1162 daAuts
     D:6: 956 daAuts
     D:3: 937 daAuts
     D:7: 914 daAuts
     D:4: 848 daAuts
     D:1: 667 daAuts
